 Dungeon Sprint DCSS version 0.31-a0-1074-g0b22e4e0f1 (webtiles) character file.

Game seed: 9646415510356592254

19374 fingers the Peltast (level 13, -14/109 HPs)
             Began as a Formicid Fighter on Dec 4, 2023.
             Was a Priest of Uskayaw.
             Demolished by a titan (23 damage)
             ... in the Dungeon (Sprint V: "Ziggurat Sprint").
             The game lasted 00:05:55 (1763 turns).

fingers the Peltast (Formicid Fighter)              Turns: 1763, Time: 00:05:55

Health: -14/109    AC: 33    Str: 32    XL:     13   Next: 4%
Magic:  13/13      EV:  4    Int:  8    God:    Uskayaw [***...]
Gold:   0          SH: 33    Dex: 13    Spells: 12/12 levels left

rFire   + + +        C - +7 great mace "Firestarter" {flame, immolate, rFlCloud rF++}
rCold   + . .        A - +18 shield of the Gong {Loud rN+ Will+ rCorr EV-5}
rNeg    + . .        z - +15 Maxwell's patent armour {-Cast -Tele rElec Will+ rCorr}
rPois   +            (helmet unavailable)
rElec   +            (no cloak)
rCorr   +            (no gloves)
SInv    +            (no boots)
Will    +++..        (no amulet)
Stlth   +            u - +6 ring of strength
HPRegen 0.38/turn    I - ring "Tyfretom" {Slay+4 Stlth+}
MPRegen 0.13/turn

%: no spellcasting
@: resistant, studying Axes, invisible
A: permanent stasis, dig shafts and tunnels, antennae 3, four strong arms
a: Dig, Renounce Religion, Stomp, Line Pass


You were in the Dungeon.
You worshipped Uskayaw.
Uskayaw was noncommittal.
You visited 1 branch

Inventory:

Hand Weapons
 a - a +0 flail
 B - the +10 dark maul {heavy}
   (You found it in the Dungeon)
 C - the +7 great mace "Firestarter" (weapon) {flame, immolate, rFlCloud rF++}
   (You found it in the Dungeon)

   rFlCloud:  It grants immunity to clouds of flame.
   rF++:      It greatly protects you from fire.
Armour
 b - a +0 scale mail
 c - a +0 buckler
 z - the +15 Maxwell's patent armour (worn) {-Cast -Tele rElec Will+ rCorr}
   (You found it in the Dungeon)

   rElec:     It insulates you from electricity.
   Will+:     It increases your willpower.
   -Cast:     It prevents spellcasting.
   -Tele:     It prevents most forms of teleportation.
   rCorr:     It protects you from acid and corrosion.
 A - the +18 shield of the Gong (worn) {Loud rN+ Will+ rCorr EV-5}
   (You found it in the Dungeon)

   Loud:      It is deafeningly noisy when blocking attacks.
   EV-5:      It affects your evasion (-5).
   rN+:       It protects you from negative energy.
   Will+:     It increases your willpower.
   rCorr:     It protects you from acid and corrosion.
 D - the +1 pair of boots of Conscience {Rampage rPois rF- SInv}
   (You found it in the Dungeon)

   rF-:       It makes you vulnerable to fire.
   rPois:     It protects you from poison SInv: It lets you see invisible.
   Rampage:   It bestows one free step when moving towards enemies.
Jewellery
 f - a ring of fire
 p - a ring of flight
 q - a +6 ring of dexterity
 r - a +6 ring of dexterity
 s - a +6 ring of intelligence
 t - a +6 ring of intelligence
 u - a +6 ring of strength (left hand)
 v - a +6 ring of strength
 E - an amulet of the acrobat
 G - the ring of Bazi {rElec rPois rC+ rN+ Dex+2}
   (You found it in the Dungeon)

   [ring of positive energy]

   Dex+2:     It affects your dexterity (+2).
   rC+:       It protects you from cold.
   rElec:     It insulates you from electricity.
   rPois:     It protects you from poison rN+: It protects you from negative
   energy.
 H - a +6 ring of strength
 I - the ring "Tyfretom" (right hand) {Slay+4 Stlth+}
   (You found it in the Dungeon)

   [ring of slaying]

   Slay+4:    It affects your accuracy & damage with ranged weapons and melee
   (+4).
   Stlth+:    It makes you more stealthy.
 L - a +5 ring of evasion
 M - the ring "Poby" {Ice Int+4}
   (You found it in the Dungeon)

   [ring of ice]

   Ice:       It enhances your ice magic.
   Int+4:     It affects your intelligence (+4).
   rF-:       It makes you vulnerable to fire.
   rC+:       It protects you from cold.
 N - a +6 ring of intelligence
 P - a +6 ring of strength
 Q - a +6 ring of strength
 R - a ring of protection from fire
 S - a +6 ring of strength
Wands
 w - a wand of mindburst (9)
 x - a wand of iceblast (7)
 y - a wand of acid (12)
 K - a wand of digging (6)
 O - a wand of polymorph (4)
Scrolls
 l - 4 scrolls of amnesia
 m - 7 scrolls of fog
 n - 5 scrolls of identify
 o - 2 scrolls of fear
 F - 2 scrolls of brand weapon
Potions
 d - 6 potions of might
 e - 9 potions of curing
 g - 7 potions of magic
 h - 2 potions of brilliance
 J - 4 potions of haste
Miscellaneous
 k - a sack of spiders


   Skills:
 + Level 12.8 Fighting
 * Level 19.2 Maces & Flails
 * Level 17.6 Armour
 + Level 0.6 Dodging
 + Level 8.8 Stealth
 + Level 20.8 Shields


You had 12 spell levels left.
You didn't know any spells.
Your spell library contained the following spells:

 Spells                   Type           Power      Damage    Failure   Level
 Slow                     Hex            0%         N/A       91%         1
 Passwall                 Tmut/Erth      0%         N/A       97%         2
 Sublimation of Blood     Necr           0%         N/A       97%         2
 Wereblood                Tmut           0%         N/A       97%         2
 Confusing Touch          Hex            0%         N/A       100%        3
 Sigil of Binding         Hex            0%         N/A       100%        3
 Vampiric Draining        Necr           0%         2d6       100%        3
 Brom's Barrelling Bould  Conj/Erth      0%         2d3       100%        4
 Petrify                  Tmut/Erth      0%         N/A       100%        4
 Alistair's Intoxication  Tmut/Pois      0%         N/A       100%        5
 Fireball                 Conj/Fire      0%         3d3       100%        5
 Iskenderun's Battlesphe  Conj           0%         2d6       100%        5
 Yara's Violent Unravell  Hex/Tmut       0%         3d3       100%        5
 Conjure Ball Lightning   Conj/Air       0%         3x3d6     100%        6
 Orb of Destruction       Conj           0%         9d5       100%        7
 Summon Hydra             Summ           0%         N/A       100%        7


Dungeon Overview and Level Annotations

Branches:
Dungeon (1/1)

Altars:
Ashenzari
Cheibriados
Dithmenos
Elyvilon
Fedhas
Gozag
Hepliaklqana
Kikubaaqudgha
Makhleb
Nemelex Xobeh
Okawaru
Qazlal
Ru
Sif Muna
Trog
Uskayaw
Vehumet
Wu Jian
Xom
Yredelemnul
Zin
The Shining One
Jiyva
Lugonu

Annotations:
D 1 transporter


Innate Abilities, Weirdness & Mutations

You cannot be hasted, slowed, berserked, paralysed or teleported.
You can dig through walls and to a lower floor.
You have a pair of large antennae on your head. (SInv)
Your four strong arms can wield two-handed weapons with a shield.


Message History

BONNNG!
You resist with almost no effort.
The titan is engulfed in blazing flames.
The titan casts a spell.
The titan is healed somewhat.
You hit the ancient lich but do no damage.
The ancient lich is lightly damaged.
The ancient lich is engulfed in blazing flames.
The ancient lich touches you but does no damage.
The titan is engulfed in blazing flames.
The titan gestures wildly while chanting.
The titan is healed somewhat.
You resist with almost no effort.
You hit the ancient lich but do no damage.
The ancient lich is moderately damaged.
You block the ancient lich's attack.
PTOANNNG!
The ancient lich mumbles some strange words.
The ancient lich flickers and vanishes for a moment.
You hit the ancient lich.
The ancient lich is filled with an inner flame.
The ancient lich is moderately damaged.
You block the nargun's attack.
GONNNNG!
You block the nargun's attack.
GONNNNG!
The titan is engulfed in blazing flames.
You block the titan's attack.
PANG!
The ancient lich is engulfed in blazing flames.
Flame seeps out of the ancient lich.
The ancient lich touches you but does no damage.
You bludgeon the ancient lich!!
Flame seeps out of the ancient lich.
You burn the ancient lich.
Flame seeps out of the ancient lich.
The ancient lich is heavily damaged.
You block the nargun's attack.
GONNNNG!
The nargun bites you but does no damage.
The titan is engulfed in blazing flames.
The titan hits you!!
You die...

▓.........▓..
▓▓▓▓▓▓▓▓▓▓▓▓.........▓.▓
....8©8....▓....©....▓..
▓..|:=/)=[..▓▓▓▓▓▓▓▓▓▓▓▓▓
▓...)[)[/...▓...8©8...▓..
▓...........▓..|)%.)..▓..
▓.......§§..▓....))...▓..
▓......§.C..▓.........▓..
▓.....2L@...▓.........▓..
▓......9....▓.........▓.)
▓..▓.....▓..▓.........▓..
▓...........▓.........▓..
▓.....©.....▓....©....▓..
▓▓▓▓▓▓▓▓▓▓▓▓▓▓▓▓▓▓▓▓▓▓▓▓▓
▓...8©8...▓...8©8...▓...8
▓.....))|.▓..|=.|)..▓..).
▓..|.[|...▓..)[.)...▓...[


You could see a titan, an ancient lich (fast, inner flame, invisible), a nargun
and a hellion (unable to see you).

Vanquished Creatures
  An Ice Fiend (D)
  A tentacled starspawn (D)
  2 ironbound thunderhulks (D)
  A dire elephant (D)
  A purple draconian (D)
  2 wendigos (D)
  A mummy priest (D)
  A yaktaur captain (D)
  A great orb of eyes (D)
  A peacekeeper (D)
  2 vault guards (D)
  An ironbound frostheart (D)
  A centaur warrior (D)
  3 deep elf knights (D)
  An ironbound convoker (D)
  A deep elf archer (D)
  5 draconians (D)
  An orange demon (D)
  A rime drake (D)
  3 guardian mummies (D)
  2 merfolk (D)
  An ancient zyme (D)
  A meliai (shapeshifter) (D)
  A raiju (D)
  A water elemental (D)
  A slime creature (D)
  A fire elemental (D)
  A neqoxec (D)
  A steam dragon (D)
  A hell hound (D)
  A swamp drake (D)
  A wolf (D)
  A small abomination (D)
  A jelly (D)
  An iron imp (D)
  An iguana (D)
  2 river rats (D)
  A shadow imp (D)
  3 white imps (D)
  2 ufetubi (D)
  An adder skeleton (D)
  A bat zombie (D)
  2 endoplasms (D)
  A jackal (D)
  2 ball python simulacra (D)
  2 ball python skeletons (D)
  2 ball python zombies (D)
  A bat simulacrum (D)
  A jackal zombie (D)
  A quokka skeleton (D)
  A quokka zombie (D)
  2 starspawn tentacles (D)
73 creatures vanquished.

Vanquished Creatures (others)
  An azure jelly (D)
  2 adder simulacra (D)
  5 bat simulacra (D)
  4 quokka simulacra (D)
  A starspawn tentacle (D)
13 creatures vanquished.

Grand Total: 86 creatures vanquished

Notes
Turn   | Place    | Note
-------+----------+-------------------------------------------
     0 | D        | fingers the Formicid Fighter began the quest for the Orb.
     0 | D        | Reached XP level 1. HP: 18/18 MP: 1/1
     0 | D        | Found a shimmering blue altar of Sif Muna.
     0 | D        | Found a sacrificial altar of Ru.
     0 | D        | Found a bloodstained altar of Trog.
     0 | D        | Found a stormy altar of Qazlal.
     0 | D        | Found an iron altar of Okawaru.
     0 | D        | Found a sparkling altar of Nemelex Xobeh.
     0 | D        | Found a blossoming altar of Fedhas.
     0 | D        | Found the +6 Majin-Bo {spellvamp, MP+6 Int+6}
     0 | D        | Found the +27 heavy crossbow "Sniper" {heavy, Acc+∞ SInv}
     0 | D        | Found the +10 dark maul {heavy}
     0 | D        | Found the +15 Maxwell's patent armour {-Cast -Tele rElec
                  | Will+ rCorr}
     0 | D        | Found the +18 shield of the Gong {Loud rN+ Will+ rCorr
                  | EV-5}
     0 | D        | Found the +16 obsidian axe {drain, demonic, Mesm Drain Fly
                  | SInv}
     0 | D        | Found the +7 great mace "Firestarter" {flame, immolate,
                  | rFlCloud rF++}
     0 | D        | Found the +6 shillelagh "Devastator" {shatter}
     0 | D        | Found the +11 plutonium sword {Contam Stlth-}
     0 | D        | Found the +8 lance "Wyrmbane" {slay drac, rPois rF+ rC+
                  | AC+3}
     0 | D        | Found the +9 sword of Zonguldrok {reap}
     0 | D        | Found the +13 scythe of Curses {drain, curses, Drain}
     0 | D        | Found the +9 sword of Power {lifebolt}
     0 | D        | Found the +7 mace of Variability {chaos, chaos arc}
     0 | D        | Found the +11 Singing Sword {sonic wave}
     0 | D        | Found the +8 storm bow {elec, penet}
     2 | D        | Found a transporter.
     2 | D        | Found an ancient bone altar of Kikubaaqudgha.
     2 | D        | Found a viscous altar of Jiyva.
     2 | D        | Found a corrupted altar of Lugonu.
     2 | D        | Found a hazy altar of Hepliaklqana.
     2 | D        | Found a burning altar of Makhleb.
     2 | D        | Found an opulent altar of Gozag.
   167 | D        | Became a worshipper of Uskayaw the Reveller
   186 | D        | Reached skill level 5 in Armour
   186 | D        | Reached skill level 5 in Shields
   186 | D        | Reached XP level 2. HP: 26/26 MP: 2/2
   187 | D        | Entered arena 2.
   187 | D        | Noticed a merfolk
   187 | D        | Noticed a merfolk
   187 | D        | Found a transporter.
   189 | D        | Reached * piety under Uskayaw
   192 | D        | Killed a merfolk
   192 | D        | Reached ** piety under Uskayaw
   193 | D        | Reached skill level 8 in Shields
   193 | D        | Reached XP level 3. HP: 27/35 MP: 3/3
   193 | D        | Reached XP level 4. HP: 32/41 MP: 4/4
   193 | D        | Reached XP level 5. HP: 37/47 MP: 5/5
   193 | D        | Reached XP level 6. HP: 42/53 MP: 6/6
   195 | D        | Killed a merfolk
   196 | D        | Reached skill level 10 in Armour
   196 | D        | Reached skill level 9 in Shields
   196 | D        | Reached XP level 7. HP: 44/61 MP: 7/7
   258 | D        | Got the Monograph on Vicissitude
   262 | D        | Entered arena 3.
   262 | D        | Noticed a rime drake
   262 | D        | Noticed a steam dragon
   262 | D        | Found a transporter.
   265 | D        | Killed a rime drake
   266 | D        | Reached skill level 10 in Shields
   266 | D        | Reached XP level 8. HP: 69/69 MP: 8/8
   268 | D        | Reached *** piety under Uskayaw
   270 | D        | Reached skill level 11 in Shields
   284 | D        | Entered arena 4.
   284 | D        | Noticed a slime creature
   284 | D        | Found a transporter.
   289 | D        | Killed a slime creature
   295 | D        | Entered arena 5.
   295 | D        | Noticed an ironbound thunderhulk
   295 | D        | Noticed an ironbound frostheart
   295 | D        | Noticed a yaktaur captain
   295 | D        | Noticed a centaur warrior
   295 | D        | Found a transporter.
   305 | D        | Killed an ironbound thunderhulk
   306 | D        | Reached skill level 10 in Fighting
   306 | D        | Reached skill level 10 in Maces & Flails
   306 | D        | Reached skill level 1 in Stealth
   306 | D        | Reached skill level 12 in Shields
   306 | D        | Reached XP level 9. HP: 34/78 MP: 9/9
   307 | D        | Killed an ironbound frostheart
   308 | D        | Reached skill level 13 in Shields
   309 | D        | Killed a centaur warrior
   309 | D        | Reached **** piety under Uskayaw
   310 | D        | Reached XP level 10. HP: 66/86 MP: 10/10
   310 | D        | Killed a yaktaur captain
   311 | D        | Reached skill level 14 in Shields
   313 | D        | Got the +1 pair of boots of Conscience {Rampage rPois rF-
                  | SInv}
   365 | D        | Entered arena 6.
   365 | D        | Found a transporter.
   384 | D        | Got the ring of Bazi {rElec rPois rC+ rN+ Dex+2}
   387 | D        | Entered arena 7.
   387 | D        | Noticed a deep elf knight
   387 | D        | Noticed a deep elf knight
   387 | D        | Noticed a deep elf knight
   387 | D        | Noticed a deep elf archer
   388 | D        | Found a transporter.
   392 | D        | Killed a deep elf knight
   394 | D        | Killed a deep elf knight
   395 | D        | Reached skill level 15 in Armour
   395 | D        | Reached skill level 15 in Shields
   405 | D        | Killed a deep elf knight
   405 | D        | Killed a deep elf archer
   406 | D        | Reached skill level 16 in Shields
   406 | D        | Reached XP level 11. HP: 32/93 MP: 11/11
   588 | D        | Got the ring "Tyfretom" {Slay+4 Stlth+}
   601 | D        | Entered arena 8.
   601 | D        | Noticed a draconian
   601 | D        | Noticed a draconian
   601 | D        | Noticed a draconian
   601 | D        | Noticed a purple draconian
   601 | D        | Noticed a draconian
   601 | D        | Noticed a draconian
   602 | D        | Found a transporter.
   606 | D        | Killed a draconian
   607 | D        | Reached skill level 15 in Maces & Flails
   609 | D        | Killed a purple draconian
   609 | D        | Killed a draconian
   609 | D        | Killed a draconian
   610 | D        | Reached skill level 17 in Shields
   610 | D        | Killed a draconian
   611 | D        | Reached skill level 5 in Stealth
   613 | D        | Reached ***** piety under Uskayaw
   614 | D        | Killed a draconian
   775 | D        | Entered arena 9.
   775 | D        | Noticed a dire elephant
   775 | D        | Noticed an ironbound convoker
   775 | D        | Noticed a vault guard
   775 | D        | Noticed a great orb of eyes
   775 | D        | Noticed an ironbound thunderhulk
   775 | D        | Noticed a vault guard
   775 | D        | Noticed a peacekeeper
   776 | D        | Found a transporter.
   779 | D        | Killed a peacekeeper
   780 | D        | Reached skill level 18 in Shields
   780 | D        | Killed an ironbound thunderhulk
   781 | D        | Killed a vault guard
   782 | D        | Killed a vault guard
   782 | D        | Killed an ironbound convoker
   783 | D        | Reached skill level 19 in Shields
   783 | D        | Reached XP level 12. HP: 48/102 MP: 12/12
   783 | D        | Killed a great orb of eyes
   787 | D        | Killed a dire elephant
   961 | D        | Got the ring "Poby" {Ice Int+4}
   968 | D        | Entered arena 10.
   969 | D        | Found a transporter.
   992 | D        | Entered arena 11.
   992 | D        | Noticed a mummy priest
   993 | D        | Found a transporter.
  1006 | D        | Killed a mummy priest
  1215 | D        | Got Qyts's Meditations on Flesh
  1222 | D        | Entered arena 12.
  1222 | D        | Noticed an azure jelly
  1223 | D        | Noticed an Ice Fiend
  1223 | D        | Noticed a wendigo
  1225 | D        | Found a transporter.
  1228 | D        | Killed an azure jelly
  1240 | D        | Killed a wendigo
  1240 | D        | HP: 5/102 [spore (4)]
  1241 | D        | Killed an Ice Fiend
  1242 | D        | Reached skill level 20 in Shields
  1526 | D        | Entered arena 13.
  1526 | D        | Noticed a tentacled starspawn
  1528 | D        | Found a transporter.
  1536 | D        | Killed a tentacled starspawn
  1743 | D        | Entered arena 14.
  1744 | D        | Noticed an ancient lich
  1744 | D        | Noticed a nargun
  1744 | D        | Noticed a wendigo
  1745 | D        | Noticed a titan
  1749 | D        | Found a transporter.
  1755 | D        | HP: 3/103 [wendigo/stunning burst (13)]
  1757 | D        | Killed a wendigo
  1757 | D        | HP: 1/103 [ancient lich (2)]
  1758 | D        | Reached XP level 13. HP: 1/109 MP: 13/13
  1763 | D        | Demolished by a titan

Illustrated notes

Levels and vault maps discovered:
D:        sprint_v [room_start, room_1, room_2, room_3, room_4, room_5, room_6,
          room_7, room_8, room_9, room_10, room_11, room_12, room_13, room_14,
          room_15, room_16, room_17, room_18, room_19, room_20, room_21,
          room_22, room_23, room_24, room_25, room_26, room_27]

Skill      XL: |  1  2  3  4  5  6  7  8  9 10 11 12 |
---------------+-------------------------------------+-----
Fighting       | 4 6 7 8 10 11 12 | 12.8
Maces & Flails | 4 6 7 8 10 12 14 17 19 | 19.2
Armour         | 5 9 10 11 13 14 15 16 17 | 17.6
Shields        | 5 8 9 10 12 13 16 19 20 | 20.8
Stealth        | 1 3 6 8 |  8.8
Dodging        | |  0.6

Action                     |  1- 3 |  4- 6 |  7- 9 | 10-12 | 13-15 || total
---------------------------+-------+-------+-------+-------+-------++-------
  Melee: Great mace        |     3 |     2 |    18 |    75 |     5 ||   103
    Use: Potion            |     2 |       |     4 |    11 |     1 ||    18
   Stab: Paralysed         |       |       |     1 |     7 |       ||     8
         Invisible         |       |       |       |     2 |       ||     2
 Armour: Plate armour      |     6 |     1 |    41 |    96 |     4 ||   148
  Dodge: Dodged            |       |       |     4 |     4 |       ||     8
  Block: Kite shield       |     9 |     3 |    49 |   173 |     8 ||   242

Table legend: (Time is in decaauts)
 A = Elapsed time spent in this place.
 B = Non-inter-level travel time spent in this place.
 C = Inter-level travel time spent in this place.
 D = Time resting spent in this place.
 E = Time spent auto-exploring this place.
 F = Levels seen in this place.
 G = Mean time per level.
                   A        B        C        D        E       F      G
               +--------+--------+--------+--------+--------+-----+--------+
         Total |   1761 |   1761 |      0 |    100 |   1266 |   1 | 1761.0 |
       Dungeon |   1761 |   1761 |      0 |    100 |   1266 |   1 | 1761.0 |
               +--------+--------+--------+--------+--------+-----+--------+

Top non-repeatable levels by time:
       D: 1761 daAuts
